 Dungeon Crawl Stone Soup version 0.22-a0-515-g75794bf (webtiles) character file.

49 epen the Sneak (level 3, -4/46 HPs)
             Began as a Naga Enchanter on June 19, 2018.
             Slain by a sky beast (6 damage)
             ... on level 1 of the Dungeon.
             The game lasted 00:04:09 (1665 turns).

epen the Sneak (Naga Enchanter)                     Turns: 1665, Time: 00:04:09

Health: -4/46      AC: 21    Str: 10    XL:     3   Next: 77%
Magic:  2/6        EV:  1    Int: 15    God:
Gold:   79         SH:  0    Dex: 12    Spells: 1/6 levels left

rFire    . . .     SeeInvis +   (no weapon)
rCold    + . .     Gourm    .   (no shield)
rNeg     + + +     Faith    .   (armour currently unavailable)
rPois    +         Spirit   .   (helmet currently unavailable)
rElec    .         Reflect  .   (cloak currently unavailable)
rCorr    .         Harm     .   (gloves currently unavailable)
MR       .....     NoTele   +   (no barding)
Stlth    +++.......             (no amulet)
HPRegen  0.15/turn              e - ring of protection from cold
MPRegen  0.10/turn              (no ring)

@: tree-form
A: large, see invisible, slow metabolism 1, spit poison 1, AC +1
a: Spit Poison


You were on level 1 of the Dungeon.
You were hungry.
You were a tree.
You visited 1 branch of the dungeon, and saw 2 of its levels.

You collected 79 gold pieces.

Inventory:

Hand Weapons
 a - a +1 dagger
 g - a +1 dagger of protection
Armour
 b - a +1 robe (melded)
Jewellery
 e - a ring of protection from cold (left branch)
Scrolls
 f - 3 scrolls of identify
 i - 2 scrolls of amnesia
Comestibles
 d - a ration
 k - 2 chunks of flesh


   Skills:
 + Level 1.1 Fighting
 + Level 1.5 Short Blades
 + Level 1.9 Dodging
 + Level 4.9 Stealth
 + Level 2.3 Spellcasting
 + Level 3.3 Hexes


You had one spell level left.
You knew the following spells:

 Your Spells              Type           Power        Failure   Level  Hunger
a - Confuse               Hex            ##......     16%         3    ###....
b - Ensorcelled Hibernat  Hex/Ice        #.....       16%         2    ###....

Your spell library contained the following spells:

 Spells                   Type           Power        Failure   Level  Hunger
 Tukima's Dance           Hex            ##......     16%         3    ###....
 Corona                   Hex            ##.....      5%          1    #......
 Dazzling Spray           Conj/Hex       #.....       32%         3    ###....


Dungeon Overview and Level Annotations

Branches:
Dungeon (2/15)

Altars:


Innate Abilities, Weirdness & Mutations

You cannot wear boots.
((Your serpentine skin is tough. (AC +1)))
You have supernaturally acute eyesight. (SInv)
((Armour fits poorly on your strangely shaped body.))
((Your system is resistant to poisons. (rPois)))
((You cover ground very slowly.))
You have a slow metabolism.
You can spit poison.


Message History

You hit the sky beast but do no damage.
The sky beast is moderately wounded.
The bat hits you but does no damage. The goblin hits you but does no damage.
The sky beast hits you but does no damage.
The gnoll hits you with a club.
* * * LOW HITPOINT WARNING * * *
Some of the chunks of flesh in your inventory have rotted away.
As you read the scroll labeled ETOSAY KOITIRE, it crumbles to dust.
You experience a momentary feeling of inescapable doom!
It was a scroll of random uselessness.
The bat hits you but does no damage. The goblin hits you but does no damage.
The sky beast barely misses you. The gnoll hits you but does no damage.
There are no items here.
You smack the gnoll!
The gnoll is heavily wounded.
The bat hits you but does no damage. The goblin hits you but does no damage.
The sky beast hits you.
* * * LOW HITPOINT WARNING * * *
The sky beast shocks you.
You die...

.....#........##.#
.....#........##.#
....##........##.#
#.###.......#..#.#
#.###.......##.#.#
.................#
.................#
...............bY#
#+###..........g♣#
#+###.......####g#
............# #.#
......######## #.#
.............###.#
..............##.#
..............##.#
#'####........##.#########
#.# #........##.........#


You could see a sky beast (invisible), a gnoll, a goblin and a bat.

Vanquished Creatures
  An adder (D:2)
  An ooze (D:1)
  A dart slug (D:1)
  A leopard gecko (D:1)
  2 bats (D:1)
  2 giant cockroaches (D:1)
  5 goblins (D:1)
  5 hobgoblins
  2 ball pythons
  A frilled lizard (D:1)
  7 kobolds
  3 rats
31 creatures vanquished.

Notes
Turn   | Place    | Note
-------+----------+-------------------------------------------
     0 | D:1      | epen the Naga Enchanter began the quest for the Orb.
     0 | D:1      | Reached XP level 1. HP: 15/15 MP: 3/3
   268 | D:1      | Reached XP level 2. HP: 9/24 MP: 0/5
   456 | D:1      | Learned a level 2 spell: Ensorcelled Hibernation
   846 | D:1      | Reached XP level 3. HP: 24/30 MP: 0/6
  1212 | D:1      | Learned a level 3 spell: Confuse
  1430 | D:2      | Noticed a sky beast
  1448 | D:2      | Reached skill level 1 in Fighting
  1665 | D:1      | HP: 2/46 [sky beast (1)]
  1665 | D:1      | Slain by a sky beast

Vault maps used:
D:1:      kennysheep_arrival_seaside
D:2:      uniq_terence

Skill      XL: |  1  2  3 |
---------------+----------+-----
Fighting       | 1 |  1.1
Short Blades   | |  1.5
Dodging        | |  1.9
Stealth        | |  4.9
Spellcasting   | |  2.3
Hexes          | |  3.3

Action                   || total
-------------------------++-------
Melee: Dagger            ||    88
       Unarmed           ||     8
 Cast: Corona            ||     6
       Ensorcelled Hiber ||     7
       Confuse           ||     6
  Use: Potion            ||     4
       Scroll            ||     4
 Stab: Sleeping          ||    11
       Invisible         ||     3
  Eat: Chunk             ||     2
Armor: Robe              ||    25
       Skin              ||    35
Dodge: Dodged            ||    60

Table legend:
 A = Spawn XP
 B = Non-spawn XP
 C = Spawn XP percentage of total XP
 D = Spawn monster count
 E = Non-spawn monster count
 F = Spawn count percentage of total count
 G = Total turns spent on level
                    A         B        C        D         E        F      G
               +---------+---------+-------+---------+---------+-------+---------
         Total |       0 |      71 |   0.0 |       0 |      31 |   0.0 |  1665
               +---------+---------+-------+---------+---------+-------+---------
           D:1 |       0 |      52 |   0.0 |       0 |      26 |   0.0 |  1435
           D:2 |       0 |      19 |   0.0 |       0 |       5 |   0.0 |   230
               +---------+---------+-------+---------+---------+-------+---------
